 Dungeon Crawl Stone Soup version 0.17.0-73-gb648821 (console) character file.

102 endege the Skirmisher (level 4, 0/37 HPs)
             Began as a Demonspawn Fighter on Dec 10, 2015.
             Succumbed to an adder's poison
             ... on level 3 of the Dungeon.
             The game lasted 00:07:32 (1825 turns).

endege the Skirmisher (Demonspawn Fighter)          Turns: 1825, Time: 00:07:33

Health: 0/37       AC: 11    Str: 17    XL:     4   Next: 50%
Magic:  4/4        EV:  8    Int:  9    God:
Gold:   161        SH:  9    Dex: 15    Spells: 0 memorised, 3 levels left

rFire  . . .     SeeInvis .     a - +0 trident
rCold  . . .     Clarity  .     b - +0 scale mail
rNeg   . . .     SustAt   .     c - +0 shield
rPois  .         Gourm    +     (no helmet)
rElec  .         Spirit   .     (no cloak)
rCorr  .         Warding  .     (no gloves)
rMut   .         Stasis   .     (no boots)
MR     .....                    f - amulet of the gourmand
Stlth  ..........               (no ring)
                                (no ring)

@: lethally poisoned (0 -> -9), not resistant to hostile enchantments, extremely
unstealthy
A: hooves 2, iridescent scales 1, agile 1
a: no special abilities


You were on level 3 of the Dungeon.
You were completely stuffed.

You visited 1 branch of the dungeon, and saw 3 of its levels.

You collected 161 gold pieces.

Inventory:

Hand Weapons
 a - a +0 trident (weapon)
Armour
 b - a +0 scale mail (worn)
 c - a +0 shield (worn)
Jewellery
 f - an amulet of the gourmand (around neck)
Wands
 j - a wand of flame (27)
Scrolls
 g - 4 scrolls of fog {unknown}
 k - a scroll of enchant armour {unknown}
 l - 3 scrolls of identify {unknown}
 o - a scroll of remove curse {unknown}
Potions
 d - 2 potions of might
 m - a potion of magic {unknown}
Comestibles
 e - a bread ration
 h - a meat ration
 i - 6 chunks of flesh


   Skills:
 + Level 3.8 Fighting
 - Level 1.7 Polearms
 + Level 3.7 Armour
 + Level 1.8 Dodging
 - Level 2.6 Shields


You had 3 spell levels left.
You didn't know any spells.

Dungeon Overview and Level Annotations

Branches:
Dungeon (3/15)

Altars:


Innate Abilities, Weirdness & Mutations

You have hoof-like feet.
You are partially covered in iridescent scales (AC +4).
You are agile. (Dex +2)


Message History

You feel sick. The adder bites you but does no damage.
The orc closely misses you. The adder bites you.
* * * LOW HITPOINT WARNING * * *
You feel sick. The orc barely misses you.
You closely miss the adder. Your kick misses the adder.
The adder is heavily wounded.
The adder bites you.
* * * LOW HITPOINT WARNING * * *
You are lethally poisoned!
The adder poisons you! The orc hits you with a trident.
* * * LOW HITPOINT WARNING * * *
You block the adder's attack.
You miss the adder. You kick the adder, but do no damage.
The adder is heavily wounded.
* * * LOW HITPOINT WARNING * * *
You feel sick. The orc hits you but does no damage.
The adder closely misses you. The adder barely misses you.
You block the orc's attack.
You completely miss the adder. You kick the adder.
The adder is severely wounded.
You die...

##### ##...# ....# ..
#.#.#
....###.#.#########
$S................######
...###h#...............
#S#.#####...###### #@#.#
#...###### #o#.#
##...#..... #.#.[
).......... #.#.#
###.##.#.##. ..#.#
#.##.#.... ###.#
#........< #.#
#.##.####. #. #. # #. #.
#.


You could see an adder, an orc and a jackal.

Vanquished Creatures
  A worker ant (D:3)
  An adder (D:3)
  3 worms (D:2)
  2 giant geckos
  An orc (D:3)
  7 giant cockroaches
  5 goblins
  3 hobgoblins
  10 jackals
  8 bats
  A giant newt (D:2)
  2 kobolds (D:1)
  12 rats
56 creatures vanquished.

Notes
Turn   | Place    | Note
--------------------------------------------------------------
     0 | D:1      | endege the Demonspawn Fighter began the quest for the Orb.
     0 | D:1      | Reached XP level 1. HP: 18/18 MP: 1/1
   139 | D:1      | Gained mutation: You have large cloven feet. [demonic ancestry]
   139 | D:1      | Reached XP level 2. HP: 24/24 MP: 2/2
   487 | D:1      | Reached skill level 1 in Dodging
   539 | D:1      | Gained mutation: You have hoof-like feet. [demonic ancestry]
   539 | D:1      | Reached XP level 3. HP: 27/29 MP: 3/3
   777 | D:2      | Found a faded altar to an unknown god.
  1447 | D:3      | Gained mutation: You are agile. (Dex +2) [potion of beneficial mutation]
  1451 | D:3      | Gained mutation: You are partially covered in iridescent scales (AC +4). [demonic ancestry]
  1451 | D:3      | Reached XP level 4. HP: 12/36 MP: 4/4
  1823 | D:3      | HP: 1/37 [orc/trident (6)]
  1825 | D:3      | Succumbed to an adder's poison

Action                   |  1- 3 |  4- 6 || total
-------------------------+-------+-------++-------
Melee: Trident           |   169 |    34 ||   203
  Use: Potion            |     3 |       ||     3
  Eat: Chunk             |    17 |     1 ||    18
